 Dungeon Crawl Stone Soup version 0.30.0-10-gfe55d96785 (webtiles) character file.

Game seed: 11699220859931149153

34 domi the Chopper (level 3, -3/33 HPs)
             Began as a Hill Orc Monk on May 15, 2023.
             Slain by a gnoll
             ... wielding a +0 spear
              (6 damage)
             ... on level 2 of the Dungeon.
             The game lasted 00:00:58 (990 turns).

domi the Chopper (Hill Orc Monk)                     Turns: 990, Time: 00:00:59

Health: -3/33      AC:  2    Str: 15    XL:     3   Next: 31%
Magic:  3/3        EV: 12    Int: 10    God:
Gold:   109        SH:  0    Dex: 13    Spells: 2/2 levels left

rFire   . . .        a - +0 hand axe
rCold   . . .        d - orb {light}
rNeg    . . .        b - +0 robe
rPois   .            (no helmet)
rElec   .            (no cloak)
rCorr   .            (no gloves)
SInv    .            (no boots)
Will    .....        (no amulet)
Stlth   +            (no ring)
HPRegen 0.25/turn    (no ring)
MPRegen 0.08/turn

%: no passive effects
@: glowing
A: no striking features
a: no special abilities


You were on level 2 of the Dungeon.
You visited 1 branch of the dungeon, and saw 2 of its levels.

You collected 109 gold pieces.

Inventory:

Hand Weapons
 a - a +0 hand axe (weapon)
 e - the +0 spear "Urirr" {flame, *Rage Fly rPois Dex+5}
   (You found it on level 1 of the Dungeon)

   Dex:       It affects your dexterity (+5).
   rPois:     It protects you from poison.
   Fly:       It grants you flight.
   *Rage:     It berserks you when you make melee attacks (+20% chance).
Armour
 b - a +0 robe (worn)
 d - an orb of light (worn)
Scrolls
 f - a scroll of fog {unknown}
 i - 2 scrolls of vulnerability {unknown}
Potions
 g - a potion of heal wounds {unknown}
 h - a potion of flight {unknown}


   Skills:
 + Level 4.0 Fighting
 * Level 5.0 Axes
 + Level 1.3 Armour
 - Level 2.4 Dodging


You had 2 spell levels left.
You didn't know any spells.
Your spell library contained the following spells:

 Spells                   Type           Power      Damage    Failure   Level
 Magic Dart               Conj           0%         1d3       36%         1
 Call Imp                 Summ           0%         N/A       50%         2
 Searing Ray              Conj           0%         2d4       50%         2
 Mephitic Cloud           Conj/Pois/Air  0%         N/A       75%         3
 Fulminant Prism          Conj/Hex       0%         3d5       98%         4


Dungeon Overview and Level Annotations

Branches:
Dungeon (2/15)

Altars:


Message History

There are monsters nearby!
You hit the jackal. You barely miss the jackal.
You hit the bush but do no damage. x2; The jackal misses you.
The jackal bites you. The jackal closely misses you. The jackal bites you.
The gnoll closely misses you.
There are monsters nearby!
You hit the jackal. You closely miss the jackal.
You hit the bush but do no damage. x2; The jackal barely misses you.
The jackal misses you. The gnoll barely misses you.
There are monsters nearby!
You barely miss the jackal. You hit the bush but do no damage.
You hit the jackal but do no damage. You hit the bush but do no damage.
The jackal bites you. The jackal closely misses you.
The gnoll hits you from afar with a +0 spear.
The jackal bites you but does no damage.
The jackal barely misses you.
There are monsters nearby!
There are monsters nearby!
You closely miss the jackal. You hit the jackal but do no damage.
You hit the bush but do no damage. x2
The jackal bites you but does no damage.
The jackal barely misses you.
The gnoll hits you from afar with a +0 spear.
There are monsters nearby!
You are too injured to fight recklessly!
There are monsters nearby!
You are too injured to fight recklessly!
There are monsters nearby!
You are too injured to fight recklessly!
There are monsters nearby!
You are too injured to fight recklessly!
You hit the jackal. You hit the jackal but do no damage.
You hit the bush but do no damage. x2; The jackal closely misses you. x2
The gnoll hits you from afar with a +0 spear.
The jackal closely misses you. The jackal barely misses you.
You barely miss the jackal. You hit the bush but do no damage.
You hit the jackal but do no damage. You hit the bush but do no damage.
The jackal closely misses you. The jackal bites you.
The gnoll hits you from afar with a +0 spear.
You barely miss the jackal. You hit the bush but do no damage.
You hit the jackal but do no damage. You hit the bush but do no damage.
The jackal barely misses you. The jackal bites you.
* * * LOW HITPOINT WARNING * * *
The gnoll hits you from afar with a +0 spear.
* * * LOW HITPOINT WARNING * * *
The jackal bites you but does no damage.
The jackal barely misses you. The jackal attacks as you move away!
The jackal barely misses you.
Really quaff
c - a potion of ambrosia {!q}?
You are confused.
You feel invigorated. The jackal misses you. The gnoll misses you.
The jackal attacks as you move away! The jackal bites you.
* * * LOW HITPOINT WARNING * * *
The jackal bites the bush but does no damage.
The gnoll hits you but does no damage. The jackal completely misses you.
The jackal bites you. The jackal closely misses you.
You hit the jackal.
You kill the jackal!
You hit the jackal but do no damage. The jackal bites you.
The jackal attacks as you move away! The jackal bites you. x2
You bump into the rock wall.
The jackal barely misses you.
The gnoll hits you from afar with a +0 spear.
You closely miss the jackal.
You feel less invigorated.
You feel less confused.
The jackal bites you but does no damage.
The gnoll hits you from afar with a +0 spear!
The jackal barely misses you. The jackal attacks as you move away!
The jackal completely misses you.
You hit the jackal.
The jackal bites you but does no damage.
The gnoll closely misses you.
You hit the jackal but do no damage.
The jackal bites you but does no damage.
The gnoll misses you. The jackal barely misses you.
You barely miss the jackal.
The jackal bites you but does no damage.
The gnoll hits you from afar with a +0 spear.
The jackal bites you but does no damage.
You hit the jackal. The gnoll closely misses you. The jackal barely misses you.
You completely miss the jackal. The jackal misses you.
The gnoll closely misses you.
You hit the jackal.
You kill the jackal!
The gnoll closely misses you.
Your Axes skill increases to level 5!
The gnoll closely misses you.
You see here a jackal corpse.
You hit the gnoll. The gnoll barely misses you.
You hit the gnoll. The gnoll hits you with a +0 spear.
You barely miss the gnoll. The gnoll misses you.
You hit the gnoll. The gnoll closely misses you.
You hit the gnoll. The gnoll hits you with a +0 spear!
* * * LOW HITPOINT WARNING * * *
You hit the gnoll but do no damage. The gnoll hits you with a +0 spear.
* * * LOW HITPOINT WARNING * * *
The gnoll hits you with a +0 spear.
* * * LOW HITPOINT WARNING * * *
You hit the gnoll. The gnoll hits you with a +0 spear.
You die...

#.#††####.#
#.#†.#..#.#
#.#..#..#.#
#.####.#..#..#.#
#.........#..#.#
#####..#.##..#.#
#...........#
#..P.P.g###.#
####'###@...#
+...###### #...#
+...# #####


You could see a gnoll.

Vanquished Creatures
  A worm (D:2)
  A dart slug (D:1)
  An endoplasm (D:1)
  A giant cockroach (D:2)
  2 goblins
  4 hobgoblins
  6 jackals (D:2)
  4 bats
  3 kobolds
  3 rats
26 creatures vanquished.

Notes
Turn   | Place    | Note
-------+----------+-------------------------------------------
     0 | D:1      | domi the Hill Orc Monk began the quest for the Orb.
     0 | D:1      | Reached XP level 1. HP: 19/19 MP: 1/1
   145 | D:1      | Found a faded altar of an unknown god.
   169 | D:1      | Identified the +0 spear "Urirr" {flame, *Rage Fly rPois
                  | Dex+5}
   202 | D:1      | Reached XP level 2. HP: 27/27 MP: 2/2
   685 | D:2      | Reached skill level 1 in Armour
   743 | D:2      | HP: 6/27 [worm (5)]
   880 | D:2      | Reached skill level 4 in Fighting
   880 | D:2      | Reached XP level 3. HP: 33/33 MP: 3/3
   965 | D:2      | HP: 7/33 [jackal (3)]
   965 | D:2      | HP: 1/33 [gnoll/+0 spear (6)]
   983 | D:2      | Reached skill level 5 in Axes
   988 | D:2      | HP: 5/33 [gnoll/+0 spear (7)]
   989 | D:2      | HP: 2/33 [gnoll/+0 spear (1)]
   990 | D:2      | Slain by a gnoll

Illustrated notes

Levels and vault maps discovered:
D:1:      lightli_iron_boxes, layout_basic, hellmonk_ecumenical_altar_lost_god
D:2:      layout_basic, cheibrodos_gnoll_hut

Skill      XL: |  1  2  3 |
---------------+----------+-----
Armour         | 1 |  1.3
Fighting       | 4 |  4.0
Axes           | 5 |  5.0
Dodging        | |  2.4

Action                     || total
---------------------------++-------
  Melee: Hand axe          ||    79
    Use: Potion            ||     1
 Armour: Robe              ||    21
  Dodge: Dodged            ||    79

Levels and vault maps discovered:
D:1:      lightli_iron_boxes, layout_basic, hellmonk_ecumenical_altar_lost_god
D:2:      layout_basic, cheibrodos_gnoll_hut

Table legend: (Time is in decaauts)
 A = Elapsed time spent in this place.
 B = Non-inter-level travel time spent in this place.
 C = Inter-level travel time spent in this place.
 D = Time resting spent in this place.
 E = Time spent auto-exploring this place.
 F = Levels seen in this place.
 G = Mean time per level.
                   A        B        C        D        E       F      G
               +--------+--------+--------+--------+--------+-----+--------+
         Total |    994 |    942 |     52 |      0 |    778 |   2 |  497.0 |
       Dungeon |    994 |    942 |     52 |      0 |    778 |   2 |  497.0 |
               +--------+--------+--------+--------+--------+-----+--------+

Top non-repeatable levels by time:
     D:1: 652 daAuts
     D:2: 341 daAuts

Table legend:
 A = Kills in this place as a percentage of kills in the entire game.
 B = Kills by you in this place as a percentage of kills by you in the entire game.
 C = Kills by friends in this place as a percentage of kills by friends in the entire game.
 D = Other kills in this place as a percentage of other kills in the entire game.
 E = Experience gained in this place as a percentage of experience gained in the entire game.
 F = Experience gained in this place divided by the number of levels of this place that you have seen.
                   A       B       C       D       E      F
               +-------+-------+-------+-------+-------+----------------------
         Total | 100.0 | 100.0 |   N/A |   N/A | 100.0 |  24.5
       Dungeon | 100.0 | 100.0 |   N/A |   N/A | 100.0 |  24.5
               +-------+-------+-------+-------+-------+----------------------
